PAAA
CALGARY LYNX @ BAKERSFIELD NOBLES
09/16/2037
 
TOP OF THE 1ST
Calgary Lynx batting - Pitching for Bakersfield Nobles : LHP José Sánchez
Pitching: LHP José Sánchez
Batting: RHB Gabriel Torres 0-0: Ball
1-0: Called Strike
1-1: Called Strike
1-2: Ball
2-2: Foul Ball, location: 2F
2-2: Strikes out looking
Batting: RHB Raúl Maradona 0-0: DOUBLE (Groundball, 5L, EV 96.9 MPH)
Batting: LHB Derek Corbin 0-0: Called Strike
0-1: Foul Ball, location: 2F
0-2: Ball
1-2: Strikes out swinging
Batting: RHB Isagani Gorre 0-0: Ball
1-0: Ball
2-0: Ground out 5-3 (Groundball, 5S, EV 81.9 MPH)
Top of the 1st over - 0 runs, 1 hit, 0 errors, 1 left on base; Calgary 0 - Bakersfield 0
BOTTOM OF THE 1ST
Bakersfield Nobles batting - Pitching for Calgary Lynx : RHP Tony Solíz
Pitching: RHP Tony Solíz
Batting: LHB Juan Macíel 0-0: Called Strike
0-1: Foul Ball, location: 2F
0-2: Ball
1-2: Foul Ball, location: 2F
1-2: Fly out, F7 (Flyball, 7LM, EV 91.9 MPH)
Batting: RHB Omer Yurtseven 0-0: Called Strike
0-1: Ball
1-1: Called Strike
1-2: Ball
2-2: Strikes out swinging
Batting: LHB Doug Cole 0-0: Swinging Strike
0-1: Swinging Strike
0-2: Ball
1-2: Ball
2-2: Foul Ball, location: 2F
2-2: Foul Ball, location: 2F
2-2: Ball
3-2: Fly out, F7 (Line Drive, 7D, EV 91.9 MPH)
Bottom of the 1st over - 0 runs, 0 hits, 0 errors, 0 left on base; Calgary 0 - Bakersfield 0
TOP OF THE 2ND
Calgary Lynx batting - Pitching for Bakersfield Nobles : LHP José Sánchez
Batting: LHB Sergio Cruz 0-0: Called Strike
0-1: Foul Ball, location: 2F
0-2: Ball
1-2: Ball
2-2: Foul Ball, location: 2F
2-2: Ball
3-2: Fly out, F5 (Flyball, 56D, EV 82.5 MPH)
Batting: SHB Luis Luquín 0-0: Called Strike
0-1: DOUBLE (Line Drive, 9LM, EV 86.2 MPH)
Batting: LHB Andrés Rodríguez 0-0: Ball
1-0: Ground out 5-3 (Groundball, 56, EV 78.8 MPH)
Batting: LHB José Valéncia 0-0: Ball
1-0: Called Strike
1-1: Ball
2-1: SINGLE (Groundball, 34D, EV 97.5 MPH)
Luis Luquín to third
Runner from 3rd tries for Home, SAFE, throw by RF to home
Batting: RHB Bertrand Pick 0-0: Ball
1-0: 2-RUN HOME RUN (Flyball, 7LD, EV 114.4 MPH), Distance : 339 ft
Batting: RHB Gabriel Torres 0-0: Ball
1-0: Foul Ball, location: 2F
1-1: Ball
2-1: Swinging Strike
2-2: Foul Ball, location: 2F
2-2: SINGLE (Groundball, 6MD, EV 95.0 MPH)
Batting: RHB Raúl Maradona 0-0: Ball
1-0: Called Strike
1-1: Ball
2-1: Ball
3-1: SINGLE (Flyball, 3D, EV 101.9 MPH)
Gabriel Torres to second
Runner from 2nd tries for 3rd, SAFE, throw by RF made to third
Batting: LHB Derek Corbin 0-0: Ball
1-0: Called Strike
1-1: Ground out 4-3 (Groundball, 4, EV 88.8 MPH)
Top of the 2nd over - 3 runs, 5 hits, 0 errors, 2 left on base; Calgary 3 - Bakersfield 0
BOTTOM OF THE 2ND
Bakersfield Nobles batting - Pitching for Calgary Lynx : RHP Tony Solíz
Batting: RHB Alfredo Araújo 0-0: Ball
1-0: Ball
2-0: Fly out, F9 (Flyball, 89S, EV 95.6 MPH)
Batting: SHB Eisse van Opdorp 0-0: Ball
1-0: Foul Ball, location: 2F
1-1: Called Strike
1-2: Foul Ball, location: 2F
1-2: Ball
2-2: Fly out, F7 (Flyball, 7, EV 90.6 MPH)
Batting: RHB Bart Goodine 0-0: Ball
1-0: Ball
2-0: Foul Ball, location: 2F
2-1: Foul Ball, location: 2F
2-2: Ground out 6-3 (Groundball, 6D, EV 85.0 MPH)
Bottom of the 2nd over - 0 runs, 0 hits, 0 errors, 0 left on base; Calgary 3 - Bakersfield 0
TOP OF THE 3RD
Calgary Lynx batting - Pitching for Bakersfield Nobles : LHP José Sánchez
Batting: RHB Isagani Gorre 0-0: Ball
1-0: Ground out 4-3 (Groundball, 4, EV 90.6 MPH)
Batting: LHB Sergio Cruz 0-0: Fly out, F7 (Flyball, 7LS, EV 85.0 MPH)
Batting: SHB Luis Luquín 0-0: Swinging Strike
0-1: Ball
1-1: Called Strike
1-2: Strikes out swinging
Top of the 3rd over - 0 runs, 0 hits, 0 errors, 0 left on base; Calgary 3 - Bakersfield 0
BOTTOM OF THE 3RD
Bakersfield Nobles batting - Pitching for Calgary Lynx : RHP Tony Solíz
Batting: SHB Temaki Yuka 0-0: Foul Ball, location: 2F
0-1: Ball
1-1: Ball
2-1: Ball
3-1: Fly out, F9 (Flyball, 89M, EV 83.8 MPH)
Batting: RHB Dave Broom 0-0: Called Strike
0-1: Swinging Strike
0-2: Ball
1-2: Foul Ball, location: 2F
1-2: Strikes out looking
Batting: RHB Orlando Reyes 0-0: Called Strike
0-1: Foul Ball, location: 2F
0-2: Strikes out swinging
Bottom of the 3rd over - 0 runs, 0 hits, 0 errors, 0 left on base; Calgary 3 - Bakersfield 0
TOP OF THE 4TH
Calgary Lynx batting - Pitching for Bakersfield Nobles : LHP José Sánchez
Batting: LHB Andrés Rodríguez 0-0: Called Strike
0-1: Ball
1-1: Foul Ball, location: 2F
1-2: Ball
2-2: Strikes out swinging
Batting: LHB José Valéncia 0-0: Called Strike
0-1: SINGLE (Line Drive, 89M, EV 97.5 MPH)
Batting: RHB Bertrand Pick 0-0: Ball
1-0: Called Strike
1-1: Ball
2-1: Swinging Strike
2-2: Strikes out swinging
Batting: RHB Gabriel Torres 0-0: Ball
1-0: Called Strike
1-1: Fielders Choice at 2nd, 6-4 (Groundball, 6, EV 86.2 MPH)
Top of the 4th over - 0 runs, 1 hit, 0 errors, 1 left on base; Calgary 3 - Bakersfield 0
BOTTOM OF THE 4TH
Bakersfield Nobles batting - Pitching for Calgary Lynx : RHP Tony Solíz
Batting: LHB Juan Macíel 0-0: Ground out U3 (Groundball, 3, EV 83.1 MPH)
Batting: RHB Omer Yurtseven 0-0: Fly out, F9 (Flyball, 9, EV 92.5 MPH)
Batting: LHB Doug Cole 0-0: Ball
1-0: Swinging Strike
1-1: Ball
2-1: Foul Ball, location: 2F
2-2: Foul Ball, location: 2F
2-2: Foul Ball, location: 2F
2-2: Ball
3-2: Fly out, F7 (Flyball, 7D, EV 100.0 MPH)
Bottom of the 4th over - 0 runs, 0 hits, 0 errors, 0 left on base; Calgary 3 - Bakersfield 0
TOP OF THE 5TH
Calgary Lynx batting - Pitching for Bakersfield Nobles : LHP José Sánchez
Batting: RHB Raúl Maradona 0-0: Ball
1-0: Called Strike
1-1: Ball
2-1: Foul Ball, location: 2F
2-2: Strikes out swinging
Batting: LHB Derek Corbin 0-0: Ball
1-0: Called Strike
1-1: Foul Ball, location: 2F
1-2: Strikes out looking
Batting: RHB Isagani Gorre 0-0: Fly out, F8 (Flyball, 8RXD, EV 89.4 MPH)
Top of the 5th over - 0 runs, 0 hits, 0 errors, 0 left on base; Calgary 3 - Bakersfield 0
BOTTOM OF THE 5TH
Bakersfield Nobles batting - Pitching for Calgary Lynx : RHP Tony Solíz
Batting: RHB Alfredo Araújo 0-0: Fly out, F9 (Flyball, 89M, EV 92.5 MPH)
Batting: SHB Eisse van Opdorp 0-0: Ball
1-0: Called Strike
1-1: SOLO HOME RUN (Flyball, 78XD, EV 102.5 MPH), Distance : 398 ft
Batting: RHB Bart Goodine 0-0: SINGLE (Groundball, 4D, EV 110.0 MPH)
Batting: SHB Temaki Yuka 0-0: Ball
1-0: Grounds into double play, 4-6-3 (Groundball, 4, EV 80.6 MPH)
Bottom of the 5th over - 1 run, 2 hits, 0 errors, 0 left on base; Calgary 3 - Bakersfield 1
TOP OF THE 6TH
Calgary Lynx batting - Pitching for Bakersfield Nobles : LHP José Sánchez
Batting: LHB Sergio Cruz 0-0: Ball
1-0: Ball
2-0: Called Strike
2-1: Ground out 4-3 (Groundball, 4, EV 91.2 MPH)
Batting: SHB Luis Luquín 0-0: Ball
1-0: Ball
2-0: Called Strike
2-1: Ball
3-1: Fly out, F8 (Flyball, 8RD, EV 100.0 MPH)
Batting: LHB Andrés Rodríguez 0-0: Foul Ball, location: 2F
0-1: Ball
1-1: Ball
2-1: DOUBLE (Line Drive, 7LS, EV 92.5 MPH)
Pitching: RHP Mark Robinson
Batting: LHB José Valéncia 0-0: Ball
1-0: SINGLE (Groundball, 4D, EV 101.9 MPH)
Andrés Rodríguez to third
Runner from 3rd tries for Home, SAFE, throw by RF to home
Batting: RHB Bertrand Pick 0-0: Ball
1-0: Ball
2-0: SINGLE (Line Drive, 7S, EV 107.5 MPH)
José Valéncia to second
Batting: RHB Gabriel Torres 0-0: Foul Ball, location: 2F
0-1: Foul Ball, location: 2F
0-2: Ball
1-2: Strikes out swinging
Top of the 6th over - 1 run, 3 hits, 0 errors, 2 left on base; Calgary 4 - Bakersfield 1
BOTTOM OF THE 6TH
Bakersfield Nobles batting - Pitching for Calgary Lynx : RHP Tony Solíz
Batting: RHB Dave Broom 0-0: Ball
1-0: Foul Ball, location: 2F
1-1: Foul Ball, location: 2F
1-2: Foul Ball, location: 2F
1-2: Foul Ball, location: 2F
1-2: Ground out 6-3 (Groundball, 6, EV 101.9 MPH)
Batting: RHB Orlando Reyes 0-0: SINGLE (Flyball, 56D, EV 81.9 MPH)
Batting: LHB Juan Macíel 0-0: Fielders Choice at 2nd, 3-6 (Groundball, 3S, EV 88.8 MPH)
Batting: RHB Omer Yurtseven 0-0: Called Strike
0-1: Swinging Strike
0-2: Foul Ball, location: 2F
0-2: Ball
1-2: Ball
2-2: Ball
3-2: Ground out 5-3 (Groundball, 56S, EV 81.2 MPH)
Bottom of the 6th over - 0 runs, 1 hit, 0 errors, 1 left on base; Calgary 4 - Bakersfield 1
TOP OF THE 7TH
Calgary Lynx batting - Pitching for Bakersfield Nobles : RHP Mark Robinson
Batting: RHB Raúl Maradona 0-0: Ball
1-0: Foul Ball, location: 2F
1-1: Ball
2-1: Foul Ball, location: 2F
2-2: Foul Ball, location: 2F
2-2: Foul Ball, location: 2F
2-2: Ball
3-2: Foul Ball, location: 2F
3-2: Base on Balls
Batting: LHB Derek Corbin 0-0: Ball
1-0: Called Strike
1-1: Ball
2-1: Ball
3-1: Called Strike
3-2: Foul Ball, location: 2F
3-2: Base on Balls
Raúl Maradona to second
Batting: RHB Isagani Gorre 0-0: SINGLE (Line Drive, 78S, EV 106.2 MPH)
Raúl Maradona to third
Derek Corbin to second
Runner from 3rd tries for Home, SAFE, throw by LF to home
Batting: LHB Sergio Cruz 0-0: Ball
1-0: Swinging Strike
1-1: Swinging Strike
1-2: Foul Ball, location: 2F
1-2: Ball
2-2: Ball
3-2: Strikes out swinging
Batting: SHB Luis Luquín 0-0: Swinging Strike
0-1: Called Strike
0-2: Ball
1-2: SINGLE (Groundball, 3D, EV 97.5 MPH)
Derek Corbin to third
Isagani Gorre to second
Runner from 3rd tries for Home, SAFE, throw by RF to home
Pitching: RHP Nésto Gago
Batting: LHB Andrés Rodríguez 0-0: Called Strike
0-1: Called Strike
0-2: Ball
1-2: Strikes out swinging
Batting: LHB José Valéncia 0-0: Ball
1-0: Fly out, F8 (Flyball, 8RM, EV 96.9 MPH)
Top of the 7th over - 2 runs, 2 hits, 0 errors, 2 left on base; Calgary 6 - Bakersfield 1
BOTTOM OF THE 7TH
Bakersfield Nobles batting - Pitching for Calgary Lynx : RHP Tony Solíz
Batting: LHB Doug Cole 0-0: Ball
1-0: SINGLE (Line Drive, 78M, EV 91.2 MPH)
Batting: RHB Alfredo Araújo 0-0: Swinging Strike
0-1: Ball
1-1: Fly out, F7 (Line Drive, 7, EV 88.8 MPH)
Batting: SHB Eisse van Opdorp 0-0: Ball
1-0: Foul Ball, location: 2F
1-1: Fly out, F9 (Line Drive, 9, EV 90.0 MPH)
Batting: RHB Bart Goodine 0-0: Ball
1-0: Ball
2-0: Fly out, F8 (Flyball, 8LM, EV 86.9 MPH)
Bottom of the 7th over - 0 runs, 1 hit, 0 errors, 1 left on base; Calgary 6 - Bakersfield 1
TOP OF THE 8TH
Calgary Lynx batting - Pitching for Bakersfield Nobles : RHP Nésto Gago
Batting: RHB Bertrand Pick 0-0: Ball
1-0: Ball
2-0: Ball
3-0: Called Strike
3-1: Foul Ball, location: 2F
3-2: SINGLE (Groundball, 6, EV 90.0 MPH) (infield hit)
Batting: RHB Gabriel Torres 0-0: Foul Ball, location: 2F
0-1: SINGLE (Groundball, 56, EV 85.6 MPH) (infield hit)
Bertrand Pick to second
Batting: RHB Raúl Maradona 0-0: Foul Ball, location: 2F
0-1: Ball
1-1: Ball
2-1: Ball
3-1: SINGLE (Groundball, 56D, EV 111.2 MPH)
Bertrand Pick to third
Gabriel Torres to second
Batting: LHB Derek Corbin 0-0: Foul Ball, location: 2F
0-1: Ball
1-1: Ball
2-1: Called Strike
2-2: Foul Ball, location: 2F
2-2: Ball
3-2: Foul Ball, location: 2F
3-2: Foul Ball, location: 2F
3-2: SINGLE (Line Drive, 78S, EV 109.4 MPH)
Bertrand Pick scores
Gabriel Torres to third
Raúl Maradona to second
Batting: RHB Isagani Gorre 0-0: Fly out, F5 (Line Drive, 5, EV 75.6 MPH)
Batting: LHB Sergio Cruz 0-0: Ball
1-0: Ball
2-0: Swinging Strike
2-1: Ground out 4-3 (Groundball, 34D, EV 105.0 MPH)
Gabriel Torres scores
Raúl Maradona to third
Derek Corbin to second
Pinch Hitting: RHB Rubén Medina 0-0: Fly out, F9 (Line Drive, 9LS, EV 100.0 MPH)
Top of the 8th over - 2 runs, 4 hits, 0 errors, 2 left on base; Calgary 8 - Bakersfield 1
BOTTOM OF THE 8TH
Bakersfield Nobles batting - Pitching for Calgary Lynx : RHP Tony Solíz
Now at 2B: Rubén Medina
Batting: SHB Temaki Yuka 0-0: Called Strike
0-1: Ball
1-1: Foul Ball, location: 2F
1-2: Ball
2-2: Fly out, F9 (Flyball, 9LM, EV 93.1 MPH)
Pinch Hitting: RHB Ed Bowers 0-0: Swinging Strike
0-1: Ball
1-1: Ground out 2-3 (Groundball, 13S, EV 66.9 MPH)
Batting: RHB Orlando Reyes 0-0: Swinging Strike
0-1: Swinging Strike
0-2: Fly out, F7 (Line Drive, 7, EV 94.4 MPH)
Bottom of the 8th over - 0 runs, 0 hits, 0 errors, 0 left on base; Calgary 8 - Bakersfield 1
TOP OF THE 9TH
Calgary Lynx batting - Pitching for Bakersfield Nobles : RHP Nésto Gago
Now in CF: Zeus Preckwinkle
Batting: LHB Andrés Rodríguez 0-0: Fly out, F8 (Flyball, 8RXD, EV 95.6 MPH)
Pinch Hitting: RHB Jing-sheng Joo 0-0: Swinging Strike
0-1: Foul Ball, location: 2F
0-2: Foul Ball, location: 2F
0-2: Ball
1-2: Ball
2-2: Foul Ball, location: 2F
2-2: Foul Ball, location: 2F
2-2: Ball
3-2: Strikes out looking
Batting: RHB Bertrand Pick 0-0: Foul Ball, location: 2F
0-1: Swinging Strike
0-2: Ball
1-2: SINGLE (Groundball, 6, EV 98.1 MPH) (infield hit)
Batting: RHB Gabriel Torres 0-0: Ball
1-0: Ball
2-0: Called Strike
2-1: Called Strike
2-2: Strikes out looking
Top of the 9th over - 0 runs, 1 hit, 0 errors, 1 left on base; Calgary 8 - Bakersfield 1
BOTTOM OF THE 9TH
Bakersfield Nobles batting - Pitching for Calgary Lynx : RHP Tony Solíz
Now in CF: Jing-sheng Joo
Batting: LHB Juan Macíel 0-0: SOLO HOME RUN (Line Drive, 9D, EV 103.8 MPH), Distance : 368 ft
Pitching: LHP Ramón Costello
Batting: RHB Omer Yurtseven 0-0: Ball
1-0: SINGLE (Flyball, 89S, EV 92.5 MPH)
Batting: LHB Doug Cole 0-0: Foul Ball, location: 2F
0-1: Swinging Strike
0-2: Ball
1-2: Foul Ball, location: 2F
1-2: Foul Ball, location: 2F
1-2: Strikes out swinging
Batting: RHB Alfredo Araújo 0-0: Ball
1-0: Foul Ball, location: 2F
1-1: Called Strike
1-2: Grounds into double play, 5-4-3 (Groundball, 56, EV 78.1 MPH)
Bottom of the 9th over - 1 run, 2 hits, 0 errors, 0 left on base; Calgary 8 - Bakersfield 2
Thursday, January 23rd, 2020 - OOTP Baseball 20.8 Build 74